 Dungeon Crawl Stone Soup version 0.32-a0-132-g2d33c3cfaf (webtiles) character file.

Game seed: 9236005166642211121

58 horus123 the Magician (level 4, 0/27 HPs)
             Began as an Octopode Earth Elementalist on Feb 9, 2024.
             Slain by Terence
             ... wielding a +0 mace
              (5 damage)
             ... on level 2 of the Dungeon.
             The game lasted 00:02:55 (1811 turns).

horus123 the Magician (Octopode Earth Elementalist) Turns: 1811, Time: 00:02:56

Health: 0/27       AC:  1    Str:  7    XL:     4   Next: 1%
Magic:  4/9        EV: 13    Int: 19    God:
Gold:   81         SH:  0    Dex: 12    Spells: 6/10 levels left

rFire   + . .        (no weapon)
rCold   . . .        (no shield)
rNeg    . . .        (helmet restricted)
rPois   .            (no amulet)
rElec   .            i - ring of protection from fire
rCorr   .            j - ring of flight
SInv    .            (no ring)
Will    .....        (no ring)
Stlth   +++          (no ring)
HPRegen 0.24/turn    (no ring)
MPRegen 0.11/turn    (no ring)
                     (no ring)

%: no passive effects
@: flying
A: almost no armour, amphibious, 8 rings, camouflage 1, gelatinous body 1,
(nimble swimmer 1), tentacles
a: no special abilities


You were on level 2 of the Dungeon.
You visited 1 branch of the dungeon, and saw 2 of its levels.

You collected 81 gold pieces.

Inventory:

Jewellery
 i - a ring of protection from fire (left tentacle)
 j - a ring of flight (right tentacle)
Scrolls
 d - a scroll of noise
 e - 2 scrolls of blinking {unknown}
 f - a scroll of silence
 m - a scroll of enchant armour {unknown}
Potions
 a - 2 potions of magic
 b - a potion of invisibility {unknown}
 c - a potion of degeneration {unknown}
 g - 2 potions of curing {unknown}
 h - 2 potions of heal wounds {unknown}
 k - a potion of enlightenment {unknown}
 l - a potion of cancellation {unknown}


   Skills:
 - Level 2.0 Dodging
 - Level 2.6 Stealth
 + Level 3.9 Spellcasting
 - Level 1.0 Conjurations
 - Level 3.0 Earth Magic


You had 6 spell levels left.
You knew the following spells:

 Your Spells              Type           Power      Damage    Failure   Level
a - Sandblast             Erth           30%        2d9       4%          1
b - Stone Arrow           Conj/Erth      22%        3d8       19%         3

Your spell library contained the following spells:

 Spells                   Type           Power      Damage    Failure   Level
 Passwall                 Erth           15%        N/A       12%         3
 Ensorcelled Hibernation  Hex/Ice        6%         N/A       22%         2
 Swiftness                Air            3%         N/A       38%         3
 Brom's Barrelling Bould  Conj/Erth      11%        2d3       52%         4
 Petrify                  Alch/Erth      9%         N/A       58%         4


Dungeon Overview and Level Annotations

Branches:
Dungeon (2/15)

Altars:

Shops:
D:1 [

Annotations:
D:2 Terence


Innate Abilities, Weirdness & Mutations

You cannot wear most types of armour.
You are amphibious.
You can wear up to eight rings at the same time.
Your skin changes colour to match your surroundings (Stealth+).
Your rubbery body absorbs attacks. (AC +1, EV +1)
((You are camouflaged when in or above water. (Stealth+)))
You have tentacles for arms and can constrict up to eight enemies at once.


Message History

The blast of sand hits the ribbon worm!
You kill the ribbon worm!
You have reached level 4!
Found a dagger.
You reach down and open the door.
Found a stone staircase leading down.
There is an open door here.
There is a stone staircase leading down here.
You reach down and open the door.
There is an open door here.
You reach down and open the door.
There is an open door here.
Found a stone staircase leading down.
There is a stone staircase leading down here.
Terence the Incautious comes into view.
He is wielding a +0 mace.
Terence shouts!
The blast of sand hits Terence but does no damage.
Terence is nearby!
The blast of sand hits Terence.
Terence is moderately wounded.
Terence hits you with a +0 mace.
The blast of sand hits Terence but does no damage.
Terence is moderately wounded.
Terence hits you with a +0 mace. x2
You are too injured to fight recklessly!
You are too injured to fight recklessly!
Aiming: Sandblast (safe; 4% risk of failure)
Press: ? - help, Q - select action Shift-Dir - straight line, f/p - Terence
Aim: Terence, wielding a +0 mace and wearing a +4 scale mail (moderately wounded, 84% to hit)
The blast of sand misses Terence.
Terence hits you with a +0 mace!
* * * LOW HITPOINT WARNING * * *
Aiming: Sandblast (safe; 4% risk of failure)
Press: ? - help, Q - select action Shift-Dir - straight line, f/p - Terence
Aim: Terence, wielding a +0 mace and wearing a +4 scale mail (moderately wounded, 84% to hit)
The blast of sand hits Terence but does no damage.
Terence is moderately wounded.
Terence hits you with a +0 mace.
You die...
Terence says, "Rest in peace."

....# #.#
###.# #.#
###.# #.#
....# #.#
##### #.#
# #.# #
#.# # #.#
# #@#
......@.#
#########


You could see Terence.

Vanquished Creatures
  2 adders (D:2)
  A ribbon worm (D:2)
  5 endoplasms
  2 giant cockroaches
  A goblin (D:2)
  4 hobgoblins
  2 jackals (D:2)
  3 ball pythons
  5 bats
  4 frilled lizards
  3 kobolds (D:2)
  3 rats
35 creatures vanquished.

Notes
Turn   | Place    | Note
-------+----------+-------------------------------------------
     0 | D:1      | horus123 the Octopode Earth Elementalist began the quest
                  | for the Orb.
     0 | D:1      | Reached XP level 1. HP: 11/11 MP: 3/3
   296 | D:1      | Reached XP level 2. HP: 17/17 MP: 2/5
   938 | D:1      | Found Tanwaene's Antique Armour Boutique.
  1009 | D:2      | Reached XP level 3. HP: 21/21 MP: 4/7
  1053 | D:2      | Learned a level 3 spell: Stone Arrow
  1652 | D:2      | Reached XP level 4. HP: 20/27 MP: 4/9
  1806 | D:2      | Noticed Terence
  1811 | D:2      | Slain by Terence

Illustrated notes

Levels and vault maps discovered:
D:1:      roderic_crossed_star, layout_basic, serial_shops, shop,
          minmay_misc_feat_secret_circle, amcnicky_mini_rare_corridor_liquid
D:2:      layout_basic, hangedman_decor_clover_reticule, uniq_terence

Skill      XL: |  1  2 |
---------------+-------+-----
Spellcasting   | 3 |  3.9
Dodging        | |  2.0
Stealth        | |  2.6
Conjurations   | |  1.0
Earth Magic    | |  3.0

Action                     |  1- 3 |  4- 6 || total
---------------------------+-------+-------++-------
  Melee: Unarmed           |    12 |       ||    12
         Constrict         |     4 |       ||     4
         Tentacles         |     3 |       ||     3
   Cast: Sandblast         |    48 |     5 ||    53
    Use: Scroll            |     2 |       ||     2
   Stab: Sleeping          |     2 |       ||     2
 Armour: Skin              |    10 |     5 ||    15
  Dodge: Dodged            |    11 |       ||    11

Table legend: (Time is in decaauts)
 A = Elapsed time spent in this place.
 B = Non-inter-level travel time spent in this place.
 C = Inter-level travel time spent in this place.
 D = Time resting spent in this place.
 E = Time spent auto-exploring this place.
 F = Levels seen in this place.
 G = Mean time per level.
                   A        B        C        D        E       F      G
               +--------+--------+--------+--------+--------+-----+--------+
         Total |   1835 |   1804 |     31 |      0 |   1585 |   2 |  917.5 |
       Dungeon |   1835 |   1804 |     31 |      0 |   1585 |   2 |  917.5 |
               +--------+--------+--------+--------+--------+-----+--------+

Top non-repeatable levels by time:
     D:1: 988 daAuts
     D:2: 847 daAuts
